 Dungeon Crawl Stone Soup version 0.20-a0-268-gb6bde61 (webtiles) character file.

81 Din the Skirmisher (level 4, -2/42 HPs)
             Began as a Minotaur Abyssal Knight on Dec 8, 2016.
             Was a Believer of Lugonu.
             Slain by a gnoll
             ... wielding a +0 halberd
              (14 damage)
             ... on level 3 of the Dungeon.
             The game lasted 00:08:51 (2389 turns).

Din the Skirmisher (Minotaur Abyssal Knight)        Turns: 2389, Time: 00:08:52

Health: -2/42      AC:  3    Str: 17    XL:     4   Next: 19%
Magic:  4/4        EV: 11    Int:  9    God:    Lugonu [**....]
Gold:   98         SH:  0    Dex: 10    Spells: 3/3 levels left

rFire  . . .     SeeInvis .     l - +2 dagger (speed)
rCold  . . .     Gourm    .     r - +0 leather armour
rNeg   . . .     Faith    .     (no shield)
rPois  .         Spirit   .     (helmet restricted)
rElec  .         Reflect  .     (no cloak)
rCorr  .         Harm     .     (no gloves)
MR     .....                    (no boots)
Stlth  +.........               (no amulet)
                                (no ring)
                                (no ring)

@: no status effects
A: retaliatory headbutt, horns 2
a: Depart the Abyss, Bend Space, Renounce Religion


You were on level 3 of the Dungeon.
You worshipped Lugonu.
Lugonu was pleased with you.
You were not hungry.

You visited 1 branch of the dungeon, and saw 3 of its levels.
You visited the Abyss 1 time.

You collected 98 gold pieces.

Inventory:

Hand Weapons
 a - a +1 mace
 f - a +0 whip
 h - a +0 mace
 k - a +3 short sword of venom
 l - a +2 dagger of speed (weapon)
Armour
 b - a +0 leather armour
 r - a +0 leather armour (worn)
Scrolls
 d - 2 scrolls of remove curse {unknown}
 g - 2 scrolls of identify {unknown}
 j - a scroll of recharging {unknown}
 m - a scroll of random uselessness {unknown}
 q - 2 scrolls of noise {unknown}
Potions
 e - a potion of berserk rage {unknown}
 i - a potion of curing {unknown}
 n - 2 potions of mutation {unknown}
Comestibles
 c - 2 bread rations
 o - 4 fruits
 p - 3 chunks of flesh


   Skills:
 + Level 5.0 Fighting
 + Level 0.2 Short Blades
 + Level 3.0 Maces & Flails
 + Level 2.8 Armour
 + Level 1.5 Dodging
 + Level 0.8 Stealth
 + Level 1.8 Invocations


You had 3 spell levels left.
You didn't know any spells.

Dungeon Overview and Level Annotations

Branches:
Dungeon (2/15)

Altars:


Innate Abilities, Weirdness & Mutations

You reflexively headbutt those who attack you in melee.
You have a pair of horns on your head.


Message History

A gnoll comes into view. It is wielding a club.
You hit the gnoll.
The gnoll is moderately wounded.
The gnoll hits you from afar with a halberd!
You hit the gnoll. You headbutt the gnoll.
The gnoll is heavily wounded.
The gnoll barely misses you. You furiously retaliate!
You headbutt the gnoll.
A gnoll comes into view. It is wielding a spear.
The gnoll shouts!
You hit the gnoll but do no damage.
The gnoll is severely wounded.
The gnoll hits you from afar with a halberd!
* * * LOW HITPOINT WARNING * * *
The gnoll barely misses you.
You hit the gnoll.
You kill the gnoll!
Lugonu accepts your kill.
Your Maces & Flails skill increases to level 3!
The gnoll hits you from afar with a halberd!
You die...

#############
#............
#.###########
#.# # #.# #
#.# # ##
#+##.# #
#.##.##.# #
#.@.....# .
#....).####
#.#g#..# #
#.#....
#.#g####
#.... ###g#
#.#


You could see 3 gnolls.

Vanquished Creatures
  A gnoll (D:3)
  An adder (D:2)
  An ooze (D:1)
  4 dart slugs
  3 leopard geckos (D:1)
  2 bats
  3 giant cockroaches
  7 goblins
  8 hobgoblins
  3 jackals (D:1)
  A quokka (D:3)
  A ball python (D:1)
  4 frilled lizards
  3 kobolds
  A rat (D:1)
43 creatures vanquished.

Notes
Turn   | Place    | Note
-------+----------+-------------------------------------------
     0 | Abyss:1  | Din the Minotaur Abyssal Knight began the quest for the Orb.
     0 | Abyss:1  | Reached XP level 1. HP: 19/19 MP: 1/1
   137 | Abyss:1  | Found a corrupted altar of Lugonu.
   161 | D:1      | Escaped the Abyss
   233 | D:1      | Reached skill level 4 in Fighting
   235 | D:1      | Reached XP level 2. HP: 16/27 MP: 2/2
  1066 | D:1      | Reached XP level 3. HP: 34/34 MP: 3/3
  1478 | D:1      | Reached ** piety under Lugonu
  1847 | D:2      | Reached skill level 5 in Fighting
  2312 | D:2      | Reached XP level 4. HP: 39/42 MP: 4/4
  2317 | D:2      | You fall through a shaft!
  2389 | D:3      | Slain by a gnoll

Vault maps used:
D:1:      nicolae_arrival_washed_ashore
D:2:      lemuel_coloured_pillars_altar, first_bread
D:3:      fiery_altar_vehumet, gammafunk_temple_overflow_wave,
          cheibriados_altar_wand_db

Skill      XL: |  1  2  3  4 |
---------------+-------------+-----
Fighting       | 4 5 |  5.0
Maces & Flails | 3 |  3.0
Short Blades   | |  0.2
Armour         | |  2.8
Dodging        | |  1.5
Stealth        | |  0.8
Invocations    | |  1.8

Action                   |  1- 3 |  4- 6 || total
-------------------------+-------+-------++-------
Melee: Mace              |    46 |       ||    46
       Dagger            |    58 |    12 ||    70
       Headbutt          |    10 |     2 ||    12
  Eat: Chunk             |     4 |     1 ||     5
Armor: Leather armour    |    26 |     2 ||    28
Dodge: Dodged            |    76 |     5 ||    81
